 Dungeon Crawl Stone Soup version 0.21-a0-278-ga722497 (webtiles) character file.

21931 4thArraOfDagon the Cruncher (level 11, -9/102 HPs)
             Began as a Human Wanderer on Sept 21, 2017.
             Was a Believer of Ru.
             Mangled by a merfolk impaler
             ... wielding a +2 trident of flaming
              (15 damage)
             ... on level 4 of the Abyss.
             The game lasted 00:39:48 (8945 turns).

4thArraOfDagon the Cruncher (Human Wanderer)        Turns: 8945, Time: 00:39:49

Health: -9/102     AC: 16    Str: 20    XL:     11   Next: 65%
Magic:  15/15      EV: 11    Int: 13    God:    Ru [**....]
Gold:   473        SH:  0    Dex: 13    Spells: 11/16 levels left

rFire    + . .     SeeInvis .   p - +1 quarterstaff (protect)
rCold    + . .     Gourm    .   (shield currently unavailable)
rNeg     . . .     Faith    +   L - +0 troll leather armour
rPois    +         Spirit   .   (helmet restricted)
rElec    +         Reflect  .   (no cloak)
rCorr    +         Harm     .   t - +0 pair of gloves
MR       .....     Clarity  +   u - +0 pair of boots
Stlth    ++........             O - amulet of faith
HPRegen  0.67/turn              v - ring of poison resistance
MPRegen  0.14/turn              K - +5 ring of slaying

@: mighty, about to teleport, resistant, protection aura, flying, very slightly
contaminated, hasted, drained, very quick
A: fangs 1, horns 1, icy blue scales 1, rugged brown scales 1, clarity, robust
1, inability to use devices
}: 1/15 runes: abyssal
a: Renounce Religion


You were on level 4 of the Abyss.
You worshipped Ru.
Ru was pleased with you.
You were very full.

You visited 2 branches of the dungeon, and saw 15 of its levels.
You visited the Abyss 1 time.

You collected 473 gold pieces.

Inventory:

Hand Weapons
 c - a +0 blowgun
 e - a +0 club
 f - a +0 dagger
 p - a +1 quarterstaff of protection (weapon)
 z - a +0 short sword
 B - a +1 mace of holy wrath
Missiles
 q - 9 curare-tipped needles
Armour
 t - a +0 pair of gloves (worn)
 u - a +0 pair of boots (worn)
 E - a +0 ring mail of fire resistance
 L - a +0 troll leather armour (worn)
Jewellery
 v - a ring of poison resistance (left hand)
 K - a +5 ring of slaying (right hand)
 N - a +3 ring of dexterity
 O - an amulet of faith (around neck)
Scrolls
 b - 2 scrolls of immolation
 j - a scroll of amnesia {unknown}
 w - 5 scrolls of magic mapping
 x - 3 scrolls of remove curse
 y - 2 scrolls of enchant weapon {unknown}
 D - a scroll of noise
 G - 2 scrolls of vulnerability
 I - a scroll of acquirement
Potions
 l - a potion of cancellation
 o - a potion of might
 s - a potion of resistance
 A - a potion of flight
 C - a potion of magic
 F - a potion of degeneration
 H - a potion of brilliance
 M - 2 potions of berserk rage
 P - a potion of agility {unknown}
Books
 a - a book of Minor Magic

   Spells                             Type                      Level
   a - Magic Dart                     Conjuration                  1
   b - Blink                          Translocation                2
   c - Call Imp                       Summoning                    2
   d - Slow                           Hexes                        2
   e - Conjure Flame                  Conjuration/Fire             3
   f - Mephitic Cloud                 Conjuration/Poison/Air       3
 d - a book of Changes

   Spells                             Type                      Level
   a - Beastly Appendage              Transmutation                1
   b - Sticks to Snakes               Transmutation                2
   c - Spider Form                    Transmutation/Poison         3
   d - Ice Form                       Ice/Transmutation            4
   e - Blade Hands                    Transmutation                5
Comestibles
 g - 5 bread rations
 J - 2 meat rations


   Skills:
 - Level 10.2(10.1) Fighting
 * Level 13.0(12.9) Staves
 - Level 3.0(2.9) Stealth
   Level 1.0(0.9) Shields
 - Level 3.0(2.9) Spellcasting
 - Level 2.0(1.9) Conjurations
 - Level 2.8(2.7) Air Magic
 - Level 2.8(2.7) Poison Magic


You had 11 spell levels left.
You knew the following spells:

 Your Spells              Type           Power        Failure   Level  Hunger
a - Mephitic Cloud        Conj/Pois/Air  #.......     30%         3    ###....
b - Blink                 Tloc           N/A          38%         2    ###....


Dungeon Overview and Level Annotations

Branches:
Dungeon (15/15)            Temple (1/1) D:5            Lair (0/6) D:10
    Orc: D:9-12      Vaults: D:13-14     Depths: D:15

Altars:
Ashenzari
Elyvilon
Fedhas
Gozag
Kikubaaqudgha
Makhleb
Okawaru
Ru
Sif Muna
Trog
Vehumet
Wu Jian
Yredelemnul
The Shining One

Annotations:
D:4 4thArraOfDagon's ghost, amateur HuWn
D:5 4thArraOfDagon's ghost, amateur HuWn


Innate Abilities, Weirdness & Mutations

You cannot study or use magical devices.
You have very sharp teeth.
You have a pair of small horns on your head.
You are partially covered in icy blue scales. (AC +2)
You are partially covered in rugged brown scales. (AC +1, +3% HP)
You possess an exceptional clarity of mind.
You are robust. (+10% HP)


Message History

You aren't carrying any items that you can evoke.
Unknown command.
Unknown command.
You miss the merfolk impaler. You headbutt the merfolk impaler!
The merfolk impaler is moderately wounded.
You barely miss the merfolk impaler.
The merfolk impaler is moderately wounded.
The merfolk impaler hits you with a trident of flaming!
* * * LOW HITPOINT WARNING * * *
The merfolk impaler burns you.
* * * LOW HITPOINT WARNING * * *
Unknown command.
Unknown command.
You sock the merfolk impaler!
Your weapon exudes an aura of protection.
Your headbutt misses the merfolk impaler.
Your bite misses the merfolk impaler.
The merfolk impaler is moderately wounded.
The merfolk impaler hits you with a trident of flaming!
You die...

#. #..#.. .
$..≈. .
#..##♣........
..
..≈..........
. #.
##...##.#####.
. ##.m..#... #
#.##.#' .##
..# #......
......# ###
#...##.. .
#@#....G3...#
#.m# .. .....
##.#.#..#....
###.# ##.## #.
# . ..# #.♣


You could see a merfolk impaler.

Vanquished Creatures
  3 two-headed ogres
  Joseph (D:7)
  A troll (D:7)
  Grinder (D:3)
  3 hippogriffs
  5 yaks
  Eustachio (D:7)
  2 water moccasins
  4 sky beasts
  3 orc warriors
  A necrophage (D:5)
  7 ogres
  A phantom (D:8)
  2 centaurs (D:7)
  A big kobold (D:8)
  6 bullfrogs
  3 scorpions
  10 killer bees
  2 howler monkeys (D:9)
  2 centaur zombies
  3 crimson imps
  3 hounds
  A jelly (D:7)
  5 orc priests
  2 bullfrog skeletons (D:10)
  8 orc wizards
  Terence (D:3)
  6 worker ants
  A hound skeleton (D:4)
  A worker ant zombie (D:7)
  Robin (D:2)
  13 adders
  2 gnolls (D:7)
  A shadow imp (D:7)
  2 oozes
  2 adder zombies
  A worm (D:3)
  4 dart slugs
  3 leopard geckos
  21 orcs
  3 ball pythons
  7 giant cockroaches
  15 goblins
  7 hobgoblins
  3 jackals (D:2)
  7 kobolds
  4 quokkas
  9 bats
  8 frilled lizards
  A jackal zombie (D:5)
  A leopard gecko skeleton (D:4)
  A leopard gecko zombie (D:7)
  12 rats
218 creatures vanquished.

Vanquished Creatures (others)
  An unseen horror (D:11)
  An orc (D:9)
  2 starspawn tentacles (Abyss:3)
4 creatures vanquished.

Grand Total: 222 creatures vanquished

Notes
Turn   | Place    | Note
-------+----------+-------------------------------------------
     0 | D:1      | 4thArraOfDagon the Human Wanderer began the quest for the Orb.
     0 | D:1      | 4thArraOfDagon set off with: a book of Minor Magic, a potion of curing, a +0 buckler, a +0 robe, a +0 club, a +0 dagger, a bread ration
     0 | D:1      | Reached XP level 1. HP: 15/15 MP: 4/4
     3 | D:1      | Thaneod: again iguana:)
   347 | D:1      | Reached XP level 2. HP: 21/22 MP: 6/6
   628 | D:1      | Reached XP level 3. HP: 24/28 MP: 7/7
   643 | D:1      | Rhok: go human o/
   936 | D:2      | Found a radiant altar of Vehumet.
  1241 | D:3      | Noticed Terence
  1392 | D:5      | Entered Level 5 of the Dungeon
  1398 | D:5      | Reached XP level 4. HP: 17/37 MP: 8/8
  1419 | D:3      | Killed Terence
  1429 | D:3      | Reached XP level 5. HP: 26/43 MP: 9/9
  1630 | D:4      | Noticed 4thArraOfDagon's ghost (amateur HuWn)
  1644 | D:5      | Noticed 4thArraOfDagon's ghost (amateur HuWn)
  1754 | D:5      | Found a staircase to the Ecumenical Temple.
  1781 | D:6      | Learned a level 3 spell: Mephitic Cloud
  1979 | D:6      | Noticed a hornet
  2019 | D:5      | Reached skill level 5 in Fighting
  2041 | Temple   | Entered the Ecumenical Temple
  2050 | Temple   | Became a worshipper of Ru the Awakened
  2066 | D:5      | Noticed a necrophage
  2101 | D:6      | Noticed an ogre
  2224 | D:3      | Noticed Robin
  2255 | D:3      | Found a white marble altar of Elyvilon.
  2473 | D:3      | Reached XP level 6. HP: 51/51 MP: 10/10
  2474 | D:3      | Noticed Grinder
  2483 | D:3      | Paralysed by Grinder for 4 turns
  2496 | D:3      | Paralysed by Grinder for 6 turns
  2509 | D:3      | Killed Grinder
  2509 | D:3      | Reached XP level 7. HP: 17/56 MP: 11/11
  3387 | D:2      | Thaneod: now Robin
  3481 | D:2      | 4thArraOfDagon: go with dog !
  3508 | D:2      | Killed Robin
  3604 | D:3      | Gained mutation: You cannot study or use magical devices. [Ru sacrifice]
  3604 | D:3      | Reached * piety under Ru
  3604 | D:3      | Reached ** piety under Ru
  4525 | D:5      | Reached XP level 8. HP: 44/65 MP: 12/12
  5591 | D:6      | Noticed Eustachio
  5639 | D:7      | Noticed Joseph
  5642 | D:7      | Found a blossoming altar of Fedhas.
  5642 | D:7      | Found a basalt altar of Yredelemnul.
  5698 | D:7      | Noticed a troll
  5785 | D:7      | Reached XP level 9. HP: 76/77 MP: 13/13
  5828 | D:7      | Reached skill level 1 in Staves
  5865 | D:7      | Reached skill level 2 in Staves
  5977 | D:7      | Noticed a hippogriff
  6075 | D:7      | Reached skill level 3 in Staves
  6081 | D:7      | Reached skill level 10 in Fighting
  6176 | D:7      | Killed Joseph
  6176 | D:7      | Reached skill level 4 in Staves
  6200 | D:7      | Gained mutation: You are partially covered in rugged brown scales. (AC +1, +3% HP) [mutagenic meat]
  6201 | D:7      | Gained mutation: You have a pair of small antennae on your head. [mutagenic meat]
  6350 | D:7      | Killed a hippogriff
  6350 | D:7      | Reached skill level 5 in Staves
  6367 | D:7      | Found a shattered altar of Ashenzari.
  6490 | D:7      | Found an ornate altar of the Wu Jian Council.
  6503 | D:7      | Reached skill level 6 in Staves
  6594 | D:6      | Reached XP level 10. HP: 74/87 MP: 14/14
  6842 | D:5      | Identified a scroll of acquirement
  6947 | D:7      | Reached skill level 7 in Staves
  6962 | D:7      | Found an iron altar of Okawaru.
  6963 | D:7      | Found a bloodstained altar of Trog.
  7086 | D:8      | Reached skill level 8 in Staves
  7203 | D:8      | Learned a level 2 spell: Blink
  7311 | D:8      | Gained mutation: You have very sharp teeth. [mutagenic meat]
  7312 | D:8      | Gained mutation: You possess an exceptional clarity of mind. [mutagenic meat]
  7313 | D:8      | Gained mutation: You are frail. (-10% HP) [mutagenic meat]
  7314 | D:8      | Gained mutation: You do not regenerate when monsters are visible. [mutagenic meat]
  7316 | D:8      | Gained mutation: You are partially covered in icy blue scales. (AC +2) [mutagenic meat]
  7317 | D:8      | Lost mutation: You are frail. (-10% HP) [potion of mutation]
  7317 | D:8      | Lost mutation: You do not regenerate when monsters are visible. [potion of mutation]
  7317 | D:8      | Lost mutation: You have a pair of small antennae on your head. [potion of mutation]
  7317 | D:8      | Gained mutation: You have a pair of small horns on your head. [potion of mutation]
  7317 | D:8      | Gained mutation: You are robust. (+10% HP) [potion of mutation]
  7514 | D:8      | Reached skill level 9 in Staves
  7541 | D:8      | Noticed a two-headed ogre
  7551 | D:8      | Killed a two-headed ogre
  7607 | D:7      | Reached skill level 10 in Staves
  7642 | D:7      | Killed Eustachio
  7792 | D:9      | Thaneod: co poswieciles?
  7793 | D:10     | Entered Level 10 of the Dungeon
  7794 | D:10     | 4thArraOfDagon: art
  7794 | D:10     | 4thArraOfDagon: rozdzki
  7794 | D:10     | Thaneod: a skad mutki?
  7794 | D:10     | 4thArraOfDagon: z cial
  7794 | D:10     | 4thArraOfDagon: :)
  7794 | D:10     | Thaneod: o kurde
  7794 | D:10     | Thaneod: same dobre wtf
  7856 | D:10     | Reached XP level 11. HP: 93/102 MP: 15/15
  7872 | D:10     | Noticed a two-headed ogre
  7876 | D:10     | Killed a two-headed ogre
  7876 | D:10     | Reached skill level 11 in Staves
  7995 | D:10     | Reached skill level 12 in Staves
  8022 | D:10     | Found a staircase to the Lair.
  8288 | D:11     | Noticed an unseen horror
  8290 | D:11     | Killed an unseen horror
  8324 | D:12     | Noticed a two-headed ogre
  8333 | D:12     | Killed a two-headed ogre
  8386 | D:12     | Noticed a two-headed ogre
  8427 | D:11     | Reached skill level 13 in Staves
  8465 | D:11     | Noticed a brown ugly thing
  8488 | D:11     | You fall through a shaft!
  8489 | D:12     | You fall through a shaft for 2 floors!
  8497 | D:14     | Noticed a cyclops
  8500 | D:14     | Noticed a green ugly thing
  8501 | D:14     | Noticed a wizard
  8501 | D:14     | Noticed a green ugly thing
  8501 | D:14     | Noticed a green ugly thing
  8501 | D:14     | Noticed a green ugly thing
  8517 | D:15     | Entered Level 15 of the Dungeon
  8595 | D:14     | Noticed a six-headed hydra
  8597 | D:14     | Noticed a deep elf mage
  8600 | D:14     | Cast into level 2 of the Abyss (a wizard)
  8607 | Abyss:2  | 4thArraOfDagon: fantastic :)D
  8729 | Abyss:2  | Noticed a thrashing horror
  8815 | Abyss:3  | Thaneod: 100 lifa i abyss
  8897 | Abyss:3  | Noticed a tentacled starspawn
  8919 | Abyss:4  | Noticed a merfolk impaler
  8919 | Abyss:4  | Noticed a blizzard demon
  8921 | Abyss:4  | Noticed a glowing orange brain
  8923 | Abyss:4  | Noticed a blizzard demon
  8924 | Abyss:4  | Got an abyssal rune of Zot
  8945 | Abyss:4  | Mangled by a merfolk impaler

Vault maps used:
D:1:      minmay_arrival_doors, minmay_misc_feat_pillars, due_unseen_surprise
D:2:      cheibrodos_helix_gallery, marbit_many_paths,
          lemuel_coloured_pillars_altar, grunt_ministairs_14
D:3:      minmay_diamond_boxcup, elyvilon_altar_4, first_bread, uniq_terence,
          uniq_natasha, uniq_grinder, uniq_robin
D:4:      grunt_decor_arrowhead
D:5:      minmay_temple_entry_overgrown, goddamned_bats, uniq_duvessa
D:6:      kennysheep_generic_room_13, uniq_eustachio
D:7:      grunt_temple_overflow_bloody_war, gammafunk_temple_overflow_claw,
          basic_altar, okawaru_altar_gauntlet_db, uniq_joseph
D:9:      erik_orc_2, grunt_decor_one_mirror
D:10:     lair_entry_dummy
D:11:     grunt_livestock, uniq_grum
D:15:     grunt_enter_depths_giant_problem, special_room,
          hangedman_abyss_or_decor_slice, nicolae_wand_duel, water_maze_lemuel
Temple:   nicolae_temple_great_sept
Abyss:3:  hangedman_summoners_spam, due_evilmike_abyss_rune_seething_liches
Abyss:4:  bh_abyss_exit_spiral, hangedman_decor_lopped,
          evilmike_abyss_exit_glass, dshaligram_kb_abyss_rune_zappy_water_cross

Skill      XL: |  1  2  3  4  5  6  7  8  9 10 11 |
---------------+----------------------------------+-----
Fighting       | 2 3 4 5 6 9 10 | 10.2
Air Magic      | 2 |  2.8
Poison Magic   | 2 |  2.8
Staves         | 6 10 13 | 13.0
Stealth        | |  3.0
Shields        | |  1.0
Spellcasting   | |  3.0
Conjurations   | |  2.0

Action                   |  1- 3 |  4- 6 |  7- 9 | 10-12 || total
-------------------------+-------+-------+-------+-------++-------
Melee: Dagger            |   167 |   160 |    35 |       ||   362
       Club              |    11 |       |       |       ||    11
       Mace              |       |       |   198 |       ||   198
       Short sword       |       |       |    93 |       ||    93
       Quarterstaff      |       |       |   178 |   263 ||   441
       Headbutt          |       |       |       |    43 ||    43
       Bite              |       |       |       |    25 ||    25
       Unarmed           |       |       |       |     2 ||     2
Invok: Sacrifice Artific |       |       |     1 |       ||     1
       Reject Sacrifices |       |       |     1 |       ||     1
  Use: Potion            |     2 |     4 |     6 |    10 ||    22
       Scroll            |       |       |    14 |    15 ||    29
 Stab: Sleeping          |     6 |     2 |     5 |     6 ||    19
       Invisible         |       |       |     2 |       ||     2
  Eat: Chunk             |     2 |     2 |    13 |    10 ||    27
       Meat ration       |       |     1 |       |       ||     1
       Fruit             |       |       |     5 |       ||     5
       Royal jelly       |       |       |       |     5 ||     5
Armor: Robe              |    48 |     1 |    99 |       ||   148
       Ring mail         |       |    58 |   108 |    11 ||   177
       Troll leather arm |       |       |       |    91 ||    91
Dodge: Dodged            |    91 |    55 |   258 |   117 ||   521
Block: Buckler           |    27 |    27 |    67 |       ||   121

Table legend:
 A = Spawn XP
 B = Non-spawn XP
 C = Spawn XP percentage of total XP
 D = Spawn monster count
 E = Non-spawn monster count
 F = Spawn count percentage of total count
 G = Total turns spent on level
                    A         B        C        D         E        F      G
               +---------+---------+-------+---------+---------+-------+---------
         Total |       0 |   12759 |   0.0 |       0 |     219 |   0.0 |  8945
               +---------+---------+-------+---------+---------+-------+---------
           D:1 |       0 |      50 |   0.0 |       0 |      29 |   0.0 |  1156
           D:2 |       0 |      97 |   0.0 |       0 |      30 |   0.0 |  1233
           D:3 |       0 |     401 |   0.0 |       0 |      20 |   0.0 |   695
           D:4 |       0 |     116 |   0.0 |       0 |      11 |   0.0 |   432
           D:5 |       0 |     544 |   0.0 |       0 |      20 |   0.0 |  1016
           D:6 |       0 |     979 |   0.0 |       0 |      19 |   0.0 |  1462
           D:7 |       0 |    2730 |   0.0 |       0 |      36 |   0.0 |  1074
           D:8 |       0 |    2077 |   0.0 |       0 |      16 |   0.0 |   643
           D:9 |       0 |     557 |   0.0 |       0 |      12 |   0.0 |    66
          D:10 |       0 |    2480 |   0.0 |       0 |      11 |   0.0 |   292
          D:11 |       0 |    1716 |   0.0 |       0 |       9 |   0.0 |   330
          D:12 |       0 |     922 |   0.0 |       0 |       5 |   0.0 |    72
          D:15 |       0 |      90 |   0.0 |       0 |       1 |   0.0 |    73
               +---------+---------+-------+---------+---------+-------+---------
